 Dungeon Crawl Stone Soup version 0.27.1-3-gb3d3a73c9e (webtiles) character file.

Game seed: 6298320638459918313

15 karkarkar the Chopper (level 2, -1/27 HPs)
             Began as a Minotaur Berserker on Oct 23, 2021.
             Was a Follower of Trog.
             Slain by a goblin (5 damage)
             ... on level 2 of the Dungeon.
             The game lasted 00:01:35 (676 turns).

karkarkar the Chopper (Minotaur Berserker)           Turns: 676, Time: 00:01:36

Health: -1/27      AC:  2    Str: 21    XL:     2   Next: 34%
Magic:  1/1        EV: 12    Int:  4    God:    Trog [*.....]
Gold:   35         SH:  0    Dex:  9    Spells: 1/1 levels left

rFire    . . .     SeeInvis .   a - +0 hand axe
rCold    . . .     Faith    .   (no shield)
rNeg     . . .     Spirit   .   b - +0 animal skin
rPois    .         Reflect  .   (helmet restricted)
rElec    .         Harm     .   (no cloak)
rCorr    .         Rampage  .   (no gloves)
Will     .....                  (no boots)
Stlth    +.........             (no amulet)
HPRegen  0.09/turn              (no ring)
MPRegen  0.07/turn              (no ring)

@: lethally poisoned (-1 -> -11)
A: horns 2, retaliatory headbutt
a: Renounce Religion, Berserk


You were on level 2 of the Dungeon.
You worshipped Trog.
Trog was aware of your devotion.
You visited 1 branch of the dungeon, and saw 2 of its levels.

You collected 35 gold pieces.

Inventory:

Hand Weapons
 a - a +0 hand axe (weapon)
Missiles
 g - 18 poisoned darts (quivered)
Armour
 b - a +0 animal skin (worn)
Scrolls
 c - a scroll of enchant armour {unknown}
 f - a scroll of torment {unknown}
Potions
 d - a potion of flight {unknown}
 e - a potion of might {unknown}


   Skills:
 + Level 4.0 Fighting
 + Level 4.1 Axes
 + Level 2.5 Armour
 + Level 2.3 Dodging


You had one spell level left.
You didn't know any spells.
Your spell library was empty.

Dungeon Overview and Level Annotations

Branches:
Dungeon (2/15)

Altars:

Shops:
D:1 =(=[


Innate Abilities, Weirdness & Mutations

You have a pair of horns on your head.
You reflexively headbutt those who attack you in melee.


Message History

Search for what [? for help]? .
Unknown command.
(D) Dungeon
Where to? (? - help)
What level of the Dungeon? (default 1, ? - help)
There is a stone staircase leading down here.
You climb downwards.
Found a scroll labelled VEOGARH OXTENT.
There is a stone staircase leading up here.
A goblin comes into view. It is wielding a +2 dagger of venom.
Found a lumpy white potion.
The goblin shouts!
A goblin is nearby!
Unknown command.
You closely miss the goblin. Your headbutt misses the goblin.
The goblin closely misses you.
The goblin hits you with a +2 dagger of venom.
You barely miss the goblin. Your headbutt misses the goblin.
The goblin barely misses you.
You closely miss the goblin. Your headbutt misses the goblin.
The goblin hits you with a +2 dagger of venom.
You are poisoned.
You hit the goblin. Your headbutt misses the goblin.
The goblin is heavily wounded.
You feel very sick.
The goblin hits you with a +2 dagger of venom.
You are lethally poisoned!
You hit the goblin but do no damage. Your headbutt misses the goblin.
The goblin is heavily wounded.
You feel very sick.
The goblin hits you with a +2 dagger of venom.
* * * LOW HITPOINT WARNING * * *
You are too injured to fight recklessly!
You are too injured to fight recklessly!
You hit the goblin.
The goblin is severely wounded.
* * * LOW HITPOINT WARNING * * *
You feel very sick.
The goblin hits you with a +2 dagger of venom.
You die...

#.#####+## #........
#+# #........ ....
#....... .# .....
#...... ..#
.....###..?.# ..#
............# ..##
#.........###...####
#...g@..............
#..................
#..............#..
#..............#
#!.........#<#.#
............### #
#####+#####....
..### ###


You could see a goblin.

Vanquished Creatures
  A dart slug (D:1)
  2 endoplasms (D:1)
  2 kobolds (D:1)
  2 ball pythons (D:1)
  2 bats (D:1)
  A frilled lizard (D:1)
  4 rats (D:1)
14 creatures vanquished.

Notes
Turn   | Place    | Note
-------+----------+-------------------------------------------
     0 | D:1      | karkarkar the Minotaur Berserker began the quest for the
                  | Orb.
     0 | D:1      | Reached XP level 1. HP: 19/19 MP: 0/0
    65 | D:1      | Found Kuz Nitu's Antique Armour Shop.
   100 | D:1      | Found Nucilatz's Jewellery Shop.
   148 | D:1      | Found Wyetz's Antique Weapon Shop.
   150 | D:1      | Reached XP level 2. HP: 17/27 MP: 1/1
   428 | D:1      | Found Koloep's Jewellery Boutique.
   676 | D:2      | Slain by a goblin

Illustrated notes

Levels and vault maps discovered:
D:1:      enne_arrival_octagon_isle, layout_basic, serial_shops, shop,
          shop_statue, shop_statue, shop_statue
D:2:      layout_basic, uniq_robin

Skill      XL: |  1  2 |
---------------+-------+-----
Axes           | 4 |  4.1
Fighting       | 4 |  4.0
Armour         | |  2.5
Dodging        | |  2.3

Action                   || total
-------------------------++-------
Melee: Hand axe          ||    23
       Headbutt          ||     5
 Stab: Sleeping          ||     1
Armor: Animal skin       ||     5
Dodge: Dodged            ||    21
